 Dungeon Crawl Stone Soup version 0.28.0-53-g5a82cb258f (webtiles) character file.

Game seed: 13049231040425439869

22227 quokkamancerX the Spear-Bearer (level 12, -15/101 HPs)
             Began as a Merfolk Summoner on May 30, 2022.
             Was the Champion of Elyvilon.
             Engulfed by a cloud of flame (26 damage)
             ... in a volcano.
             The game lasted 01:22:15 (17476 turns).

quokkamancerX the Spear-Bearer (Merfolk Summoner)  Turns: 17476, Time: 01:22:16

Health: -15/101    AC: 10    Str:  9    XL:     12   Next: 98%
Magic:  8/21       EV: 12    Int: 24    God:    Elyvilon [******]
Gold:   911        SH:  3    Dex: 14    Spells: 8/19 levels left

rFire   . . .      SeeInvis +   a - +5 trident (protect)
rCold   + + .      Faith    .   n - +0 buckler
rNeg    . . .      Spirit   .   v - +0 robe of the Lobster {Int+5 Archmagi}
rPois   +          Reflect  .   g - +0 helmet
rElec   .          Harm     .   t - +2 cloak
rCorr   .          Rampage  .   j - +2 pair of gloves
Will    .....      Archmagi +   b - +0 pair of boots "Lidataan" {Drain rPois rC++ SInv}
Stlth   +++.......              E - amulet of regeneration
HPRegen 1.06/turn               H - ring of flight
MPRegen 0.17/turn               (no ring)

@: flying
A: (nimble swimmer 2), mertail
a: Renounce Religion, Purification, Heal Other, Heal Self, Divine Vigour


You were in a volcano.
You worshipped Elyvilon.
Elyvilon was exalted by your worship.
You visited 3 branches of the dungeon, and saw 15 of its levels.
You also visited: Volcano.

You collected 1039 gold pieces.
You spent 128 gold pieces at shops.

Inventory:

Hand Weapons
 a - a +5 trident of protection (weapon)
Missiles
 d - 6 curare-tipped darts
 i - 2 throwing nets
Armour
 b - the +0 pair of boots "Lidataan" (worn) {Drain rPois rC++ SInv}
   (You found it on level 11 of the Dungeon)

   rC:        It greatly protects you from cold.
   rPois:     It protects you from poison.
   SInv:      It lets you see invisible.
   Drain:     It drains your maximum health when unequipped.
 g - a +0 helmet (worn)
 j - a +2 pair of gloves (worn)
 n - a +0 buckler (worn)
 t - a +2 cloak (worn)
 v - the +0 robe of the Lobster (worn) {Int+5 Archmagi}
   (You found it on level 3 of the Dungeon)

   Int:       It affects your intelligence (+5).
   Archmagi:  It increases the power of your magical spells.
Jewellery
 E - an amulet of regeneration (around neck)
 H - a ring of flight (left hand)
Wands
 f - a wand of polymorph (14)
 k - a wand of digging (10)
 u - a wand of paralysis (12)
 x - a wand of mindburst (16)
 z - a wand of acid (10)
 C - a wand of iceblast (9)
 D - a wand of flame (47)
Scrolls
 h - 2 scrolls of blinking
 l - 2 scrolls of amnesia
 o - 3 scrolls of teleportation
 p - a scroll of noise {unknown}
 q - a scroll of fear
 r - a scroll of vulnerability
 y - 2 scrolls of summoning
 B - 2 scrolls of immolation
 F - a scroll of torment {unknown}
 W - a scroll of enchant armour
Potions
 c - 2 potions of lignification
 e - 6 potions of curing
 m - a potion of flight {unknown}
 s - 5 potions of magic
 w - a potion of mutation {unknown}
 A - 3 potions of degeneration {unknown}
 G - 2 potions of resistance {unknown}
 J - a potion of invisibility
 K - a potion of ambrosia {unknown}


   Skills:
 + Level 11.6 Fighting
 - Level 14.0 Polearms
 - Level 2.6 Dodging
 - Level 5.0 Stealth
 - Level 4.0 Spellcasting
 - Level 10.0 Summonings
 - Level 3.1 Air Magic
 - Level 12.0 Invocations


You had 8 spell levels left.
You knew the following spells:

 Your Spells              Type           Power      Damage    Failure   Level
a - Summon Small Mammal   Summ           100%       N/A       1%          1
b - Call Canine Familiar  Summ           68%        N/A       1%          3
c - Summon Guardian Gole  Hex/Summ       43%        N/A       4%          3
d - Summon Lightning Spi  Summ/Air       53%        N/A       9%          4

Your spell library contained the following spells:

 Spells                   Type           Power      Damage    Failure   Level
 Call Imp                 Summ           68%        N/A       1%          2
 Conjure Flame            Conj/Fire      7%         6-21      36%         3
 Ignite Poison            Fire/Tmut/Pois 7%         N/A       36%         3
 Animate Dead             Necr           3%         N/A       78%         4
 Sticky Flame             Conj/Fire      7%         2d3       78%         4
 Haunt                    Necr/Summ      21%        N/A       100%        7
 Infestation              Necr           3%         N/A       100%        8


Dungeon Overview and Level Annotations

Branches:
Dungeon (12/15)            Temple (1/1) D:6            Lair (2/6) D:8
    Orc (0/2) D:11        Volcano (1/1)
  Swamp: Lair:2-4    Shoals: Lair:2-4     Snake: Lair:2-4    Spider: Lair:2-4

Altars:
Ashenzari
Cheibriados
Dithmenos
Elyvilon
Fedhas
Gozag
Hepliaklqana
Kikubaaqudgha
Makhleb
Nemelex Xobeh
Okawaru
Qazlal
Ru
Sif Muna
Trog
Uskayaw
Vehumet
Wu Jian
Xom
Yredelemnul
Zin
The Shining One

Shops:
D:3 [   D:5 (   D:9 !

Annotations:
D:4 exclusion: downstairs
D:5 Dowan, Duvessa


Innate Abilities, Weirdness & Mutations

((You are very nimble when in or above water. (Stealth+, EV+, Speed+++)))
Your lower body shifts to a powerful aquatic tail in water.


Message History

The molten gargoyle blasts magma at you!
The bolt of magma hits your lightning spire.
Your lightning spire partially resists.
The bolt of magma hits you!
* * * LOW HITPOINT WARNING * * *
Your warg bites the molten gargoyle!
The molten gargoyle is destroyed!
You hear a sizzling splash.
Reach: a) +5 trident (protect)
Press: ? - help, Dir - move target, f - you That would be overly suicidal.
Okay, then.
Unknown command.
You start resting.
The stone giant throws a large rock.
The large rock hits your lightning spire!!!
Your lightning spire shoots out a bolt of lightning at the stone giant!
The bolt of electricity hits the stone giant!
A stone giant is nearby!
Your lightning spire shoots out a bolt of lightning at the stone giant!
The bolt of electricity hits the stone giant!!
The stone giant dies!
Your lightning spire disappears in a puff of smoke!
The air gets thick with the scent of sulphur.
The volcano roars to life, belching forth lava!
You are engulfed in blazing flames.
* * * LOW HITPOINT WARNING * * *
Your warg is engulfed in blazing flames.
You are engulfed in blazing flames.
* * * LOW HITPOINT WARNING * * *
Your warg is engulfed in blazing flames.
Your guardian golem is engulfed in blazing flames.
Your warg is engulfed in blazing flames.
You're standing in a cloud of flame!
You are engulfed in blazing flames.
Elyvilon protects you from harm!
Your warg is engulfed in blazing flames.
Your guardian golem is engulfed in blazing flames.
You swap places.
You are engulfed in blazing flames.
You die...

### ### ##.###°##### #####
###..°○.°○h@.## ####.##.
##...○.°○°..9○.#######....§..
###...§..○.°.○°○.°..##....§.§..
##......°°°≈.○○°°.°.°○......§≈≈≈
##......§≈°°≈≈°°°≈≈§.......≈≈§≈≈≈
.......≈§○°§°°°°≈≈§≈≈§≈°§§≈≈≈§≈≈≈
...○○§§§≈○§°§≈≈§≈≈§§≈≈≈°§§≈≈≈≈≈≈≈
...○°°§§§≈°○§°°≈≈§§§§§≈≈≈§≈≈≈§§≈≈
.....≈§§≈≈≈≈≈≈≈≈≈§§§≈≈≈≈≈§≈≈≈§§§≈


You could see a friendly guardian golem (summoned) and a friendly warg
(summoned, sheltered).

Vanquished Creatures
  A deep elf pyromancer (D:12)
  An unseen horror (D:12)
  A gargoyle (D:12)
  5 slime creatures (D:12)
  A hornet (D:11)
  A basilisk (D:6)
  Eustachio (D:6)
  A wyvern (D:9)
  A fire elemental (Volcano)
  7 yaks
  2 wargs (D:8)
  A water moccasin (D:7)
  3 centaurs
  A kobold brigand (D:9)
  A bullfrog (D:9)
  2 scorpions
  A wyvern skeleton (D:6)
  A howler monkey (D:9)
  3 centaur zombies
  2 orc priests
  A jelly (D:3)
  A gnoll shaman (D:5)
  An orc wizard (D:12)
  Natasha (D:3)
  3 hell rats
  3 gnolls
  9 orcs
  2 ball pythons
  4 endoplasms
  2 giant cockroaches (D:1)
  2 hobgoblins
  6 kobolds
  2 quokkas (D:2)
  3 bats (D:2)
  2 frilled lizards
  8 goblins
  A jackal skeleton (D:4)
  5 rats
93 creatures vanquished.

Vanquished Creatures (collateral kills)
  A stone giant (Volcano)
  A hydra (Lair:2)
  A two-headed ogre (D:10)
  A cyclops (D:12)
  A molten gargoyle (Volcano)
  2 komodo dragons
  A troll (D:9)
  A polar bear (Lair:1)
  Grinder (D:5)
  A slime creature (D:12)
  3 wraiths
  7 yaks
  A wyvern (D:9)
  2 fire bats (Volcano)
  2 steam dragons (D:7)
  Edmund (D:5)
  An acid dragon (D:12)
  2 water moccasins
  5 orc warriors
  A sky beast (D:6)
  A black bear (D:4)
  2 ogres
  A necrophage (D:6)
  4 centaurs
  A kobold brigand (D:9)
  2 scorpions
  2 gnoll sergeants
  An earth elemental (Volcano)
  2 bullfrogs
  A wyvern zombie (D:8)
  4 wights (D:7)
  3 howler monkeys (D:11)
  A centaur zombie (D:6)
  4 lava snakes (Volcano)
  Crazy Yiuf (D:6)
  A jelly (D:3)
  7 orc priests
  3 hounds
  2 centaur skeletons
  Natasha (twice) (D:3)
  8 orc wizards
  7 hell rats (Lair:2)
  A killer bee zombie (D:8)
  A hound skeleton (D:4)
  Robin (D:3)
  17 gnolls
  2 adders
  A howler monkey skeleton (D:7)
  2 shadow imps
  A nameless horror (D:5)
  2 adder skeletons (D:4)
  4 dart slugs
  25 orcs
  2 bats
  3 endoplasms
  8 goblins
  5 hobgoblins
  3 iguanas
  2 jackals (D:2)
  3 quokkas
  2 ball pythons
  10 kobolds
  A rat (D:1)
192 creatures vanquished.

Vanquished Creatures (others)
  Harold (Lair:1)
  3 two-headed ogres
  A slime creature (D:12)
  6 yaks
  A warg (D:8)
  2 orc warriors
  2 centaurs (D:9)
  A wight (D:7)
  5 howler monkeys
  A gnoll shaman (D:6)
  5 orcs
  8 fungi
  5 plants (Lair:2)
  5 toadstools (D:2)
46 creatures vanquished.

Grand Total: 331 creatures vanquished

Notes
Turn   | Place    | Note
-------+----------+-------------------------------------------
     0 | D:1      | quokkamancerX the Merfolk Summoner began the quest for the
                  | Orb.
     0 | D:1      | Reached XP level 1. HP: 13/13 MP: 3/3
   335 | D:1      | Reached XP level 2. HP: 16/19 MP: 1/5
   825 | D:2      | Found a faded altar of an unknown god.
   838 | D:2      | Reached XP level 3. HP: 22/24 MP: 3/6
  1031 | D:2      | Noticed a scorpion
  1052 | D:2      | Learned a level 2 spell: Call Imp
  1103 | D:2      | Reached XP level 4. HP: 10/30 MP: 2/8
  1604 | D:2      | Killed a scorpion
  1605 | D:2      | Reached XP level 5. HP: 25/35 MP: 4/10
  1709 | D:2      | Found Durphir's Magic Scroll Boutique.
  2282 | D:2      | Learned a level 3 spell: Call Canine Familiar
  2283 | D:3      | Noticed Robin
  2305 | D:3      | Killed Robin
  2384 | D:3      | Identified the +0 robe of the Lobster {Int+5 Archmagi}
  2558 | D:3      | Reached skill level 5 in Stealth
  3007 | D:3      | You fall into a shaft and drop 2 floors!
  3007 | D:5      | Entered Level 5 of the Dungeon
  3007 | D:5      | Found Reul's Weapon Shoppe.
  3029 | D:5      | Found a sparkling altar of Nemelex Xobeh.
  3306 | D:4      | Found a white marble altar of Elyvilon.
  3313 | D:4      | Became a worshipper of Elyvilon the Healer
  3354 | D:4      | Reached XP level 6. HP: 40/41 MP: 9/12
  3557 | D:3      | Found Icioniad's Antique Armour Shop.
  3626 | D:3      | Noticed Natasha
  3643 | D:3      | Killed Natasha
  3729 | D:3      | Reached skill level 5 in Summonings
  3752 | D:3      | Noticed Natasha
  3764 | D:3      | Killed Natasha
  3861 | D:3      | Noticed Natasha
  3871 | D:3      | Killed Natasha
  3924 | D:3      | Found a shimmering altar of Xom.
  4104 | D:4      | Found an ornate altar of the Wu Jian Council.
  4212 | D:4      | Reached XP level 7. HP: 35/46 MP: 10/13
  4325 | D:4      | Reached * piety under Elyvilon
  4421 | D:4      | Found an iron altar of Okawaru.
  4641 | D:4      | Learned a level 3 spell: Summon Guardian Golem
  4644 | D:5      | Noticed Dowan
  4687 | D:5      | Noticed Duvessa
  5302 | D:5      | Reached XP level 8. HP: 52/52 MP: 10/14
  5367 | D:5      | Noticed Grinder
  5383 | D:5      | Killed Grinder
  5741 | D:5      | Noticed Edmund
  5758 | D:5      | Killed Edmund
  6294 | D:5      | Reached ** piety under Elyvilon
  6352 | D:5      | Found an ancient bone altar of Kikubaaqudgha.
  6537 | D:5      | Identified the +4 ring mail of Vyrourphe {Contam rPois rC+
                  | Str+8 Slay-3}
  6856 | D:6      | Reached skill level 10 in Summonings
  6856 | D:6      | Reached skill level 1 in Invocations
  7053 | D:6      | Reached XP level 9. HP: 57/57 MP: 15/15
  7066 | D:6      | Found a staircase to the Ecumenical Temple.
  7220 | D:6      | Reached skill level 5 in Invocations
  7227 | Temple   | Entered the Ecumenical Temple
  7565 | D:6      | Noticed Eustachio
  7698 | D:6      | Killed Eustachio
  7870 | D:6      | Found a runed translucent door.
  7871 | D:6      | Noticed Crazy Yiuf
  7879 | D:6      | Killed Crazy Yiuf
  7891 | D:6      | Identified the +7 mace of Oket {antimagic, rF+}
  8138 | D:7      | Reached *** piety under Elyvilon
  8186 | D:7      | Found a burning altar of Makhleb.
  8202 | D:7      | Found a snail-covered altar of Cheibriados.
  9455 | D:8      | Reached XP level 10. HP: 63/63 MP: 13/17
  9495 | D:8      | Reached skill level 10 in Invocations
  9591 | D:8      | Found a staircase to the Lair.
  9782 | D:8      | Reached **** piety under Elyvilon
 10901 | D:9      | Found Wacs's Distillery.
 10909 | D:9      | Bought a potion of curing for 48 gold pieces
 10909 | D:9      | Bought a potion of heal wounds for 80 gold pieces
 10992 | D:9      | Noticed a two-headed ogre
 11025 | D:9      | Killed a two-headed ogre
 11026 | D:9      | Reached skill level 3 in Polearms
 11045 | D:9      | Reached skill level 4 in Polearms
 11212 | D:9      | Reached skill level 5 in Polearms
 11217 | D:9      | Reached skill level 6 in Polearms
 11323 | D:9      | Reached ***** piety under Elyvilon
 11344 | D:9      | Reached skill level 7 in Polearms
 11518 | D:9      | Found a hazy altar of Hepliaklqana.
 11944 | D:9      | Reached skill level 8 in Polearms
 11944 | D:9      | Reached XP level 11. HP: 48/68 MP: 11/20
 12100 | D:10     | Entered Level 10 of the Dungeon
 12220 | D:10     | Noticed a boulder beetle
 12222 | D:10     | Pacified a boulder beetle
 12223 | D:10     | Reached skill level 10 in Polearms
 12445 | D:10     | Reached skill level 11 in Polearms
 12706 | D:10     | Noticed a two-headed ogre
 12732 | D:10     | Killed a two-headed ogre
 12841 | D:11     | Found a staircase to the Orcish Mines.
 12872 | D:11     | Noticed a boulder beetle
 12877 | D:11     | Pacified a boulder beetle
 12878 | D:11     | Reached skill level 12 in Polearms
 12954 | D:11     | Reached skill level 13 in Polearms
 13244 | D:11     | Identified the +0 pair of boots "Lidataan" {Drain rPois
                  | rC++ SInv}
 13636 | D:11     | Noticed a two-headed ogre
 13650 | D:11     | Killed a two-headed ogre
 13651 | D:11     | Reached skill level 14 in Polearms
 13651 | D:11     | Reached skill level 1 in Fighting
 14003 | D:12     | Noticed Nergalle
 14006 | D:12     | Pacified Nergalle
 14154 | D:12     | Noticed a cyclops
 14168 | D:12     | Killed a cyclops
 14346 | D:12     | Reached skill level 5 in Fighting
 14366 | D:12     | Noticed a red ugly thing
 14379 | D:12     | Pacified a red ugly thing
 14417 | D:12     | Reached XP level 12. HP: 45/87 MP: 19/21
 14596 | D:12     | Noticed an eight-headed hydra
 14615 | D:12     | Pacified an eight-headed hydra
 15014 | D:12     | Reached skill level 1 in Air Magic
 15270 | D:12     | Noticed a two-headed ogre
 15290 | D:12     | Killed a two-headed ogre
 15385 | D:12     | Learned a level 4 spell: Summon Lightning Spire
 15633 | Lair:1   | Entered Level 1 of the Lair of Beasts
 15780 | Lair:1   | Noticed Harold
 15801 | Lair:1   | Killed Harold
 16107 | Lair:1   | Found a white marble altar of Elyvilon.
 16260 | Lair:1   | Reached ****** piety under Elyvilon
 16432 | Lair:2   | Noticed an eight-headed hydra
 16563 | Lair:2   | Reached skill level 10 in Fighting
 16605 | Lair:2   | Noticed a five-headed hydra
 16625 | Lair:2   | Killed a five-headed hydra
 16730 | Lair:2   | Found a dark tunnel.
 16737 | Volcano  | Entered a volcano
 17164 | Volcano  | Found a radiant altar of Vehumet.
 17416 | Volcano  | Noticed a stone giant
 17455 | Volcano  | HP: 3/100 [molten gargoyle/bolt of magma (33)]
 17463 | Volcano  | Killed a stone giant
 17475 | Volcano  | Elyvilon protects you from harm!
 17476 | Volcano  | Engulfed by a cloud of flame

Illustrated notes

Levels and vault maps discovered:
D:1:      shiori_shiawase, layout_basic
D:2:      layout_loops_ring, serial_shops, nicolae_lakefront_shop,
          hellmonk_ecumenical_altar_zigzags, minmay_gold_behind_fungi
D:3:      layout_loops_corners, dk_xom_monty_hall, serial_shops,
          nicolae_diamond_shop, uniq_robin, uniq_natasha
D:4:      layout_rooms, old_standard_altar, kennysheep_okawaru_gauntlet,
          kennysheep_little_box, minmay_close_crescents
D:5:      layout_layer_cave, nicolae_kikubaaqudgha_miasma_corner,
          mainiacjoe_overflow_small_starburst, serial_shops,
          nicolae_shop_crystal, kennysheep_cross_room, uniq_edmund,
          uniq_duvessa, uniq_grinder
D:6:      layout_loops_ring, minmay_temple_entry_statues_pillars,
          uniq_crazy_yiuf_cottage, uniq_eustachio
D:7:      cheibrodos_steamvent, layout_basic, mainiacjoe_overflow_24_doors,
          mainiacjoe_overflow_catwalk
D:8:      layout_basic, erik_lair_orcish_takeover
D:9:      layout_roguey, nicolae_hepliaklqana_hippocampus, serial_shops, shop,
          minmay_misc_feat_enclosed
D:10:     layout_rooms, minmay_variable_closet, serial_bayou_pond_e
D:11:     layout_irregular_city, orc_0_dummy
D:12:     layout_gridville, nicolae_concentric_dashed_squares_wild,
          minmay_joined_circles, uniq_nergalle
Temple:   cyrus_circular_temple
Lair:1:   layout_misc_corridors, basic_altar, infiniplex_staircase_pool,
          uniq_harold
Lair:2:   layout_concentric_octagons, enter_volcano_1
Volcano:  volcano_lake [vl_original]

Skill      XL: |  1  2  3  4  5  6  7  8  9 10 11 12 |
---------------+-------------------------------------+-----
Stealth        | 3 4 5 |  5.0
Spellcasting   | 3 4 |  4.0
Summonings     | 6 7 10 | 10.0
Invocations    | 3 9 12 | 12.0
Polearms       | 8 14 | 14.0
Fighting       | 5 11 | 11.6
Air Magic      | 3 |  3.1
Dodging        | |  2.6

Action                   |  1- 3 |  4- 6 |  7- 9 | 10-12 || total
-------------------------+-------+-------+-------+-------++-------
Melee: Unarmed           |    14 |       |       |       ||    14
       War axe           |     4 |       |       |       ||     4
       Punch             |     1 |       |       |       ||     1
       Spear             |    30 |    67 |    98 |   114 ||   309
       Trident           |       |       |       |   222 ||   222
 Cast: Summon Small Mamm |    28 |    18 |    11 |     8 ||    65
       Call Imp          |     2 |     7 |       |       ||     9
       Call Canine Famil |       |    12 |    23 |    54 ||    89
       Summon Guardian G |       |       |    10 |    36 ||    46
       Summon Lightning  |       |       |       |    16 ||    16
Invok: Heal Other        |       |       |       |     8 ||     8
  Use: Scroll            |       |     1 |     4 |    15 ||    20
       Potion            |       |       |       |     2 ||     2
 Stab: Sleeping          |     3 |    10 |     1 |       ||    14
       Distracted        |       |       |     3 |     7 ||    10
Armor: Robe              |    16 |     5 |    15 |    89 ||   125
Dodge: Dodged            |    31 |    31 |    31 |   152 ||   245
Block: Buckler           |       |       |     8 |    31 ||    39
